 Dungeon Crawl Stone Soup version 0.30-a0-135-g630cfc4551 (webtiles) character file.

Game seed: 10399218231944565659

109 LnG the Caller (level 5, -1/26 (28) HPs)
             Began as a Kobold Summoner on Sept 20, 2022.
             Slain by a wight
             ... wielding a +0 long sword of protection
              (9 damage)
             ... in an ossuary.
             The game lasted 00:20:06 (3870 turns).

LnG the Caller (Kobold Summoner)                    Turns: 3870, Time: 00:20:07

HP:   -1/26 (28)    AC: 14    Str:  5    XL:     5   Next: 13%
MP:   6/10          EV: 14    Int: 19    God:
Gold: 142           SH:  0    Dex: 15    Spells: 1/10 levels left

rFire   . . .      SeeInvis .    p - +0 mace
rCold   . . .      Faith    .    (no shield)
rNeg    + . .      Spirit   .    q - +2 leather armour {rN+}
rPois   .          Reflect  .    g - +0 helmet
rElec   .          Harm     .    i - +0 cloak
rCorr   .          Rampage  .    (no gloves)
Will    +....                    w - +2 pair of boots
Stlth   +++.......               (no amulet)
HPRegen 0.08/turn                v - +4 ring of protection
MPRegen 0.12/turn                t - ring of willpower

@: drained
A: small, no large weapons, nightstalker 3
a: no special abilities


You were in an ossuary.
You visited 1 branch of the dungeon, and saw 4 of its levels.
You also visited: Ossuary.

You collected 142 gold pieces.

Inventory:

Hand Weapons
 p - a +0 mace (weapon)
Armour
 a - a +0 robe
 g - a +0 helmet (worn)
 i - a +0 cloak (worn)
 q - a +2 leather armour of positive energy (worn)
 w - a +2 pair of boots (worn)
Jewellery
 f - a ring of fire
 t - a ring of willpower (right hand)
 v - a +4 ring of protection (left hand)
Scrolls
 c - a scroll of teleportation
 d - 2 scrolls of blinking
 e - 3 scrolls of magic mapping
 h - a scroll of summoning
 j - a scroll of vulnerability {unknown}
 k - 2 scrolls of amnesia {unknown}
 m - 2 scrolls of fear {unknown}
 n - a scroll of enchant armour {unknown}
 s - a scroll of immolation {unknown}
Potions
 b - a potion of magic
 l - a potion of heal wounds {unknown}
 o - a potion of mutation {unknown}
 r - a potion of might {unknown}
 u - a potion of resistance {unknown}


   Skills:
 + Level 0.1 Fighting
 + Level 2.9 Dodging
 + Level 3.0 Stealth
 + Level 3.4 Spellcasting
 + Level 5.1 Summonings


You had one spell level left.
You knew the following spells:

 Your Spells              Type           Power      Damage    Failure   Level
a - Summon Small Mammal   Summ           88%        N/A       3%          1
b - Call Imp              Summ           22%        N/A       4%          2
c - Call Canine Familiar  Summ           22%        N/A       9%          3
d - Summon Guardian Gole  Hex/Summ       12%        N/A       26%         3

Your spell library contained the following spells:

 Spells                   Type           Power      Damage    Failure   Level
 Summon Lightning Spire   Summ/Air       12%        N/A       65%         4


Dungeon Overview and Level Annotations

Branches:
Dungeon (4/15)            Ossuary (1/1)
 Temple: D:4-7

Altars:


Innate Abilities, Weirdness & Mutations

You are small and have problems with some larger weapons.
You are completely attuned to the shadows.


Message History

The wight misses your crimson imp.
Your crimson imp hits the wight but does no damage.
The wight completely misses your crimson imp.
Your crimson imp hits the wight but does no damage.
The wight hits your crimson imp with a +0 long sword of protection.
Your hound disappears in a puff of smoke!
Your crimson imp blinks!
Casting: Call Canine Familiar (quite dangerous; 9% risk of failure)
Confirm with . or Enter, or press ? or * to list all spells.
The spell is quite dangerous to miscast (9% risk of failure)!
Continue anyway?
The wight hits you with a +0 long sword of protection!
You partially resist.
You feel drained.
You swap places.
Your hound bites the wight but does no damage.
Your crimson imp barely misses the wight.
The wight misses you.
Your hound bites the wight but does no damage.
Your crimson imp hits the wight but does no damage.
Your hound bites the wight.
Your crimson imp blinks!
There is an open door here.
Your hound bites the wight but does no damage.
The wight attacks as you move away! The wight closely misses you.
Your hound misses the wight.
Your hound bites the wight but does no damage.
The wight hits you but does no damage.
Your hound bites the wight but does no damage.
The wight hits you with a +0 long sword of protection!
You partially resist.
You feel drained.
You hit the wight but do no damage.
The wight is lightly damaged.
Your hound bites the wight but does no damage. x2
Your crimson imp hits the wight but does no damage.
The wight completely misses you.
You barely miss the wight.
The wight is lightly damaged.
Your hound closely misses the wight.
Your crimson imp hits the wight but does no damage.
The wight hits you with a +0 long sword of protection!
You die...

#### ### ####..## ##.#
##......## #...
##.####...# ##...
#..#.#....##### ##..∩.
#..........#..## ##.....
#............#.###......
##.....@....###...#...∩.
##...z...#.# ######....
##..h5.#### ###..
##...## ##. ###'### ##
#.'.'.# ###.### #.'.'.#
###.###


You could see a wight (ally target), a friendly hound (summoned) and a friendly
crimson imp (summoned).

Vanquished Creatures
  A nameless horror (D:3)
  2 giant cockroaches (D:1)
3 creatures vanquished.

Vanquished Creatures (collateral kills)
  3 adders
  2 worms (D:2)
  A dart slug (D:3)
  An orc (D:3)
  6 ball pythons
  6 endoplasms
  7 giant cockroaches
  2 goblins (D:1)
  6 hobgoblins
  4 jackals
  6 kobolds
  2 quokkas
  8 bats
  4 frilled lizards
  A hobgoblin skeleton (Ossuary)
  An orc skeleton (Ossuary)
  An orc zombie (Ossuary)
  4 rats
65 creatures vanquished.

Grand Total: 68 creatures vanquished

Notes
Turn   | Place    | Note
-------+----------+-------------------------------------------
     0 | D:1      | LnG the Kobold Summoner began the quest for the Orb.
     0 | D:1      | Reached XP level 1. HP: 10/10 MP: 3/3
   184 | D:1      | Reached XP level 2. HP: 9/15 MP: 0/5
   187 | D:1      | Learned a level 2 spell: Call Imp
   617 | D:1      | Reached XP level 3. HP: 19/19 MP: 4/6
   621 | D:1      | Learned a level 3 spell: Call Canine Familiar
  1973 | D:2      | Reached XP level 4. HP: 24/24 MP: 1/8
  2399 | D:2      | Reached skill level 5 in Summonings
  3264 | D:3      | Learned a level 3 spell: Summon Guardian Golem
  3485 | D:3      | Found a faded altar of an unknown god.
  3486 | D:3      | Noticed a nameless horror
  3497 | D:3      | Killed a nameless horror
  3596 | D:3      | Reached XP level 5. HP: 25/28 MP: 4/10
  3780 | D:4      | Found a sand-covered staircase.
  3786 | Ossuary  | Entered an ossuary
  3870 | Ossuary  | Slain by a wight

Illustrated notes

Levels and vault maps discovered:
D:1:      wheals_arrival_linesprint, layout_loops_cross,
          minmay_worlds_worst_comb
D:2:      cheibrodos_helix_gallery, layout_loops_ring
D:3:      layout_loops_ring, hellmonk_ecumenical_altar_leap_of_faith
D:4:      layout_rooms, elyvilon_altar_1, minmay_temple_entry_large_hall,
          nicolae_ossuary_entry_plus, serial_rivers,
          chequers_serial_rivers_micro_a, chequers_serial_rivers_small_a,
          chequers_serial_rivers_micro_b, chequers_serial_rivers_small_b,
          chequers_serial_rivers_small_b, minmay_liquid_box
Ossuary:  ossuary_due_cavern

Skill      XL: |  1  2  3  4 |
---------------+-------------+-----
Spellcasting   | 3 |  3.4
Summonings     | 5 |  5.1
Stealth        | 3 |  3.0
Fighting       | |  0.1
Dodging        | |  2.9

Action                   |  1- 3 |  4- 6 || total
-------------------------+-------+-------++-------
Melee: Unarmed           |    23 |     4 ||    27
       Mace              |       |    10 ||    10
 Cast: Summon Small Mamm |    29 |    17 ||    46
       Call Imp          |     8 |     6 ||    14
       Call Canine Famil |     6 |    10 ||    16
  Use: Scroll            |       |     4 ||     4
Armor: Robe              |     8 |     2 ||    10
       Leather armour    |       |     3 ||     3
Dodge: Dodged            |    47 |    23 ||    70

Table legend: (Time is in decaauts)
 A = Elapsed time spent in this place.
 B = Non-inter-level travel time spent in this place.
 C = Inter-level travel time spent in this place.
 D = Time resting spent in this place.
 E = Time spent auto-exploring this place.
 F = Levels seen in this place.
 G = Mean time per level.
                   A        B        C        D        E       F      G
               +--------+--------+--------+--------+--------+-----+--------+
         Total |   3877 |   3771 |    106 |    724 |    969 |   5 |  775.4 |
       Dungeon |   3793 |   3687 |    106 |    724 |    969 |   4 |  948.2 |
       Ossuary |     84 |     84 |      0 |      0 |      0 |   1 |   84.0 |
               +--------+--------+--------+--------+--------+-----+--------+

Top non-repeatable levels by time:
     D:1: 1660 daAuts
     D:2: 1221 daAuts
     D:3: 876 daAuts
 Ossuary: 84 daAuts
     D:4: 35 daAuts
